 Dungeon Crawl Stone Soup version 0.31-a0-66-ge618eeaa78 (webtiles) character file.

Game seed: 17663960363718776443

404 howech the Sneak (level 6, -5/42 HPs)
             Began as an Octopode Brigand on May 22, 2023.
             Was a Follower of Fedhas.
             Slain by a gnoll
             ... wielding a +0 flail
             ... led by a gnoll bouda
              (14 damage)
             ... on level 4 of the Dungeon.
             The game lasted 00:09:26 (2683 turns).

howech the Sneak (Octopode Brigand)                 Turns: 2683, Time: 00:09:27

Health: -5/42      AC:  1    Str: 11    XL:     6   Next: 86%
Magic:  9/9        EV: 18    Int: 15    God:    Fedhas [*.....]
Gold:   197        SH:  0    Dex: 13    Spells: 7/9 levels left

rFire   . . .        l - +2 lajatang (vamp)
rCold   . . .        (shield currently unavailable)
rNeg    . . .        (helmet restricted)
rPois   .            (no amulet)
rElec   .            f - +5 ring of evasion
rCorr   .            (no ring)
SInv    .            (no ring)
Will    .....        (no ring)
Stlth   ++++         (no ring)
HPRegen 0.27/turn    (no ring)
MPRegen 0.11/turn    (no ring)
                     (no ring)

%: no passive effects
@: no status effects
A: almost no armour, amphibious, 8 rings, camouflage 1, gelatinous body 1,
(nimble swimmer 1), tentacles
a: Renounce Religion


You were on level 4 of the Dungeon.
You worshipped Fedhas.
Fedhas was aware of your devotion.
You visited 1 branch of the dungeon, and saw 4 of its levels.

You collected 197 gold pieces.

Inventory:

Hand Weapons
 a - a +3 dagger
 l - a +2 vampiric lajatang (weapon)
Missiles
 b - 15 poisoned darts (quivered)
 c - 3 curare-tipped darts
 i - 2 throwing nets
Jewellery
 f - a +5 ring of evasion (left tentacle)
Wands
 d - a wand of flame (5)
Scrolls
 e - a scroll of enchant weapon
 g - a scroll of immolation {unknown}
 h - a scroll of magic mapping {unknown}
 j - a scroll of identify {unknown}
 m - a scroll of teleportation {unknown}
 o - a scroll of blinking {unknown}
Potions
 k - a potion of heal wounds {unknown}
 n - a potion of curing


   Skills:
 + Level 3.2 Fighting
 + Level 3.3 Short Blades
 + Level 0.4 Staves
 + Level 3.2 Throwing
 + Level 2.6 Dodging
 - Level 6.3 Stealth
 + Level 2.1 Spellcasting
 + Level 1.5 Translocations
 * Level 0.6 Invocations


You had 7 spell levels left.
You knew the following spells:

 Your Spells              Type           Power      Damage    Failure   Level
a - Lesser Beckoning      Tloc           12%        N/A       19%         2

Your spell library contained the following spells:

 Spells                   Type           Power      Damage    Failure   Level
 Gell's Gravitas          Tloc           6%         N/A       34%         3
 Teleport Other           Tloc           6%         N/A       34%         3
 Chain Lightning          Conj/Air       0%         N/A       100%        9
 Fire Storm               Conj/Fire      0%         5d1       100%        9
 Shatter                  Erth           0%         3d5*      100%        9


Dungeon Overview and Level Annotations

Branches:
Dungeon (4/15)             Temple (0/1) D:4

Altars:
Fedhas
Hepliaklqana
Kikubaaqudgha
Sif Muna
Xom

Shops:
D:2 (   D:3 (


Innate Abilities, Weirdness & Mutations

You cannot wear most types of armour.
You are amphibious.
You can wear up to eight rings at the same time.
Your skin changes colour to match your surroundings (Stealth+).
Your rubbery body absorbs attacks. (AC +1, EV +1)
((You are camouflaged when in or above water. (Stealth+)))
You have tentacles for arms and can constrict up to eight enemies at once.


Message History

An orc comes into view. It is wielding a +0 flail.
The gnoll barely misses you. The gnoll misses you. The gnoll misses you.
You completely miss the gnoll. Your grab misses the gnoll.
You squeeze the gnoll, but do no damage.
The gnoll barely misses you.
You closely miss the gnoll. You grab the gnoll. You squeeze the gnoll!
The gnoll is severely wounded.
You constrict the gnoll, but do no damage.
The gnoll barely misses you. The gnoll misses you.
You hit the gnoll. You tentacle-slap the gnoll.
You kill the gnoll!
Fedhas appreciates your contribution to the ecosystem.
The gnoll closely misses you.
You hit the gnoll bouda. You grab the gnoll bouda.
The gnoll bouda is moderately wounded.
You constrict the gnoll bouda. The gnoll misses you.
The gnoll bouda hits you with a +0 club.
The gnoll hits you from afar with a +0 spear.
You hit the gnoll bouda.
You feel better.
You squeeze the gnoll bouda!
You kill the gnoll bouda!
Fedhas appreciates your contribution to the ecosystem.
The gnoll hits you from afar with a +0 spear.
The gnoll barely misses you.
You hit the gnoll but do no damage. Your grab misses the gnoll.
The gnoll barely misses you. The gnoll hits you with a +0 flail.
The gnoll closely misses you.
The orc shouts!
You hit the gnoll.
You feel better.
Your grab misses the gnoll.
The gnoll is lightly wounded.
The gnoll is no longer moving quickly.
The gnoll barely misses you.
The gnoll hits you from afar with a +0 spear!
You closely miss the gnoll. Your grab misses the gnoll.
The gnoll is lightly wounded.
The gnoll is no longer moving quickly.
The gnoll hits you with a +0 flail!
* * * LOW HITPOINT WARNING * * *
The gnoll closely misses you. The gnoll hits you with a +0 flail!
You die...
Fedhas appreciates your contribution to the ecosystem.

#..........#
#...........
###..........#
.....o.....##
#..........#
#..........# ###.
#....gg.P.P##...
##$...gg##.##..#
#....)..#@..#P###.
#.#..l.gg.>....... #.
#....P#...#P###
.....##.###.##.#
..### #..#P.P..# #.
##....#..# #
#########..# .##
##..........#
......###..#######..#


You could see an iguana and 2 gnolls.

Vanquished Creatures
  Sigmund (D:3)
  A gnoll bouda (D:4)
  Jessica (D:3)
  6 gnolls
  4 adders
  A worm (D:4)
  4 dart slugs
  5 orcs (D:3)
  4 ball pythons
  10 endoplasms
  4 giant cockroaches
  7 goblins
  8 hobgoblins
  2 jackals (D:2)
  5 quokkas
  9 bats
  6 frilled lizards
  6 kobolds
  8 rats
92 creatures vanquished.

Notes
Turn   | Place    | Note
-------+----------+-------------------------------------------
     0 | D:1      | howech the Octopode Brigand began the quest for the Orb.
     0 | D:1      | Reached XP level 1. HP: 14/14 MP: 1/1
     5 | D:1      | Noticed a death yak
    11 | D:1      | Noticed a six-headed hydra
    91 | D:1      | Reached XP level 2. HP: 19/19 MP: 2/2
   471 | D:1      | Reached XP level 3. HP: 24/24 MP: 4/4
   861 | D:1      | Reached skill level 1 in Spellcasting
  1046 | D:2      | Reached XP level 4. HP: 30/30 MP: 5/5
  1296 | D:3      | Noticed Jessica
  1313 | D:3      | Killed Jessica
  1447 | D:3      | Learned a level 2 spell: Lesser Beckoning
  1453 | D:3      | Found a shimmering altar of Xom.
  1495 | D:3      | Noticed Sigmund
  1504 | D:3      | Killed Sigmund
  1505 | D:3      | Reached skill level 6 in Stealth
  1505 | D:3      | Reached skill level 1 in Translocations
  1505 | D:3      | Reached XP level 5. HP: 20/36 MP: 7/7
  1505 | D:3      | Reached XP level 6. HP: 23/42 MP: 8/8
  1713 | D:3      | Found Baugodett's Weapon Shoppe.
  1755 | D:3      | Found a hazy altar of Hepliaklqana.
  1765 | D:3      | Found a shimmering blue altar of Sif Muna.
  1920 | D:3      | Found a blossoming altar of Fedhas.
  1931 | D:3      | Became a worshipper of Fedhas Madash
  2146 | D:2      | Found Rebbik's Antique Weapon Boutique.
  2261 | D:2      | Found a faded altar of an unknown god.
  2296 | D:2      | Found an ancient bone altar of Kikubaaqudgha.
  2609 | D:4      | Reached * piety under Fedhas
  2662 | D:4      | Found a staircase to the Ecumenical Temple.
  2683 | D:4      | Slain by a gnoll

Illustrated notes

Levels and vault maps discovered:
D:1:      sevenhm_arrival_forest_fort_small_2, layout_loops_corners,
          minmay_heptomino_w4
D:2:      layout_basic, dreamdust_ecumenical_altar_grove, basic_altar,
          serial_shops, shop, minmay_misc_feat_room
D:3:      layout_rooms, amcnicky_altar_gilded, grunt_temple_overflow_open,
          serial_shops, nicolae_shop_bloodbath_and_beyond,
          minmay_misc_feat_cross, minivault_19, uniq_sigmund, uniq_jessica
D:4:      layout_rooms, minmay_temple_entry_gardened_gates,
          nicolae_shop_fire_sale [nicolae_sub_dead_trees]

Skill      XL: |  1  2  3  4  5  6 |
---------------+-------------------+-----
Spellcasting   | 1 2 |  2.1
Fighting       | 3 |  3.2
Short Blades   | 3 |  3.3
Throwing       | 3 |  3.2
Dodging        | 2 |  2.6
Stealth        | 6 |  6.3
Translocations | 1 |  1.5
Staves         | |  0.4
Invocations    | |  0.6

Action                     |  1- 3 |  4- 6 || total
---------------------------+-------+-------++-------
  Melee: Dagger            |    59 |    90 ||   149
         Tentacles         |     9 |    26 ||    35
         Constrict         |     7 |    27 ||    34
         Lajatang          |       |    22 ||    22
         Punch             |       |     3 ||     3
  Throw: Dart              |       |     1 ||     1
    Use: Scroll            |     3 |     1 ||     4
         Potion            |     2 |     2 ||     4
   Stab: Sleeping          |    15 |    10 ||    25
 Armour: Skin              |     3 |     3 ||     6
  Dodge: Dodged            |    22 |    67 ||    89

Table legend: (Time is in decaauts)
 A = Elapsed time spent in this place.
 B = Non-inter-level travel time spent in this place.
 C = Inter-level travel time spent in this place.
 D = Time resting spent in this place.
 E = Time spent auto-exploring this place.
 F = Levels seen in this place.
 G = Mean time per level.
                   A        B        C        D        E       F      G
               +--------+--------+--------+--------+--------+-----+--------+
         Total |   2679 |   2548 |    131 |    241 |   1662 |   4 |  669.8 |
       Dungeon |   2679 |   2548 |    131 |    241 |   1662 |   4 |  669.8 |
               +--------+--------+--------+--------+--------+-----+--------+

Top non-repeatable levels by time:
     D:1: 1042 daAuts
     D:3: 916 daAuts
     D:2: 559 daAuts
     D:4: 160 daAuts
